Map: Ever Dream LE

Players

Nice - Winner!

  • Race: Protoss Protoss
  • Spawn Location: 7:00

Naxin

  • Race: Terran Terran
  • Spawn Location: 1:00

Event: DreamHack SC2 Masters 2020 Fall

VOD

Have the link to the VOD?

Description

Time

  • Played on: Aug. 27, 2020, 9:28 a.m.
  • Length: 7:39

All games in this series

Show
View Real Time Build Order
Export as new Build Order

Nice Protoss - Winner!

Build Orders: 1 Gate Expand 

Get SALT Encoding   

  12  0:00  Probe  
  13  0:12  Probe  
  14  0:19  Pylon  
  14  0:24  Probe  
  15  0:37  Probe (Chrono Boost)  
  15  0:40  Gateway  
  16  0:48  Assimilator, Probe (Chrono Boost)  
  17  0:53  Probe (Chrono Boost)  
  18  1:03  Probe  
  19  1:06  Pylon  
  19  1:15  Probe  
  20  1:29  Cybernetics Core  
  20  1:38  Nexus  
  20  1:45  Pylon  
  20  1:53  Pylon  
  20  1:56  Assimilator  
  20  1:58  Probe  
  21  2:03  Adept (Chrono Boost)  
  21  2:06  Warp Gate  
  23  2:11  Probe  
  23  2:23  Probe  
  23  2:28  Adept (Chrono Boost)  
  26  2:34  Robotics Facility  
  26  2:35  Probe  
  27  2:48  Probe  
  27  2:49  Stalker (Chrono Boost)  
  30  2:55  Probe  
  29  3:00  Probe  
  30  3:07  Probe  
  30  3:11  Stalker  
  30  3:12  Probe  
  34  3:19  Immortal (Chrono Boost)  
  36  3:27  Shield Battery  
  36  3:31  Shield Battery  
  36  3:34  Probe  
  36  3:35  Probe  
  38  3:46  Probe  
  38  3:47  Probe  
  40  3:56  Warp Prism (Chrono Boost)  
  42  4:03  Sentry  
  42  4:04  Probe x2  
  42  4:09  Gateway  
  46  4:13  Gateway  
  46  4:22  Pylon  
  44  4:35  Observer (Chrono Boost)  
  44  4:36  Probe  
  46  4:38  Twilight Council  
  46  4:40  Pylon, Probe  
  46  4:41  Pylon  
  47  4:48  Probe  
  48  5:02  Stalker  
  48  5:03  Stalker  
  52  5:19  Probe  
  52  5:20  Charge (Chrono Boost)  
  49  5:22  Warp Prism (Chrono Boost), Observer  
  49  5:24  Probe  
  49  5:26  Dark Shrine  
  50  5:31  Probe  
  49  5:36  Probe  
  49  5:39  Assimilator  
  49  5:42  Assimilator  
  50  5:43  Gateway, Probe  
  50  5:44  Gateway, Pylon  
  50  5:46  Gateway  
  51  5:51  Zealot x3  
  57  5:58  Probe x2  
  57  6:01  Pylon  
  57  6:02  Pylon  
  59  6:07  Pylon  
  59  6:12  Immortal  
  59  6:14  Probe  
  64  6:22  Sentry  
  64  6:23  Zealot, Sentry  
  70  6:39  Pylon  
  70  6:43  Dark Templar x3  
  76  6:56  Dark Templar  
  76  6:58  Nexus  
  78  7:04  Zealot x2  
  79  7:12  Probe x2  
  77  7:24  Probe  
Show
View Real Time Build Order
Export as new Build Order

Naxin Terran 

Build Orders:  

Get SALT Encoding   

  12  0:00  SCV  
  13  0:12  SCV  
  14  0:17  Supply Depot  
  14  0:24  SCV  
  15  0:30  Refinery  
  15  0:39  SCV  
  16  0:45  Barracks  
  16  0:51  SCV  
  16  0:54  Refinery  
  17  1:03  SCV  
  18  1:17  SCV  
  19  1:36  Reaper  
  19  1:39  Orbital Command, Factory  
  20  1:49  Supply Depot  
  20  2:05  SCV  
  20  2:06  Supply Depot  
  21  2:08  Reaper  
  22  2:18  SCV  
  23  2:23  Hellion  
  25  2:37  Command Center  
  25  2:41  Reaper  
  26  2:45  Hellion  
  27  2:54  SCV  
  28  2:59  Starport  
  28  3:06  SCV  
  28  3:12  Factory Tech Lab  
  29  3:18  SCV  
  29  3:26  Barracks  
  27  3:30  SCV  
  27  3:32  Cyclone  
  31  3:36  Starport Tech Lab  
  31  3:40  Barracks Reactor  
  31  3:42  SCV  
  31  3:55  SCV  
  31  4:00  Viking  
  31  4:08  SCV  
  32  4:10  Orbital Command  
  32  4:11  Barracks  
  32  4:13  Barracks Tech Lab  
  32  4:14  Siege Tank  
  35  4:20  SCV  
  36  4:27  Marine x2  
  38  4:34  Stimpack  
  38  4:35  Marine  
  38  4:36  SCV x2  
  41  4:45  Marine x2  
  43  4:48  SCV x2  
  43  4:51  Starport Reactor  
  45  4:53  Marine  
  45  4:58  Marine  
  44  5:01  Siege Tank  
  44  5:03  Marine  
  44  5:04  Marine  
  44  5:05  SCV  
  47  5:08  SCV  
  47  5:10  Marine  
  46  5:16  Marine  
  46  5:18  SCV  
  46  5:20  Marine  
  39  5:28  Marine  
  39  5:30  Marine  
  39  5:33  Siege Tank  
  39  5:35  SCV, Marine  
  42  5:38  SCV, Marine  
  42  5:39  Refinery  
  45  5:46  Medivac, Marine  
  45  5:48  Marine  
  45  5:49  SCV  
  50  5:51  SCV  
  50  5:53  Marine  
  50  5:56  Marine  
  53  6:02  Supply Depot  
  53  6:04  SCV  
  54  6:18  Supply Depot  
  54  6:23  Marine  
  54  6:24  Medivac, SCV x2, Marine x3  
  62  6:29  Supply Depot  
  65  6:40  Siege Tank  
  65  6:41  Marine x2  
  65  6:42  Supply Depot  
  65  6:46  Marine x2  
  69  6:49  SCV  
  69  6:50  SCV  
  70  6:59  Engineering Bay  
  62  7:05  Marine  
  62  7:06  Marine  
  58  7:12  SCV x2  
  52  7:16  Marine x2  
  53  7:24  SCV x2  

Tags
 
Add a new tag
Caveats
  • Supply blocks, unpowered buildings, or Contaminate may cause inaccurate times.
  • Supply counts are checked every 10 seconds.